 Dungeon Crawl Stone Soup version 0.20.0-14-g326068f (webtiles) character file.

290 greprep the Slasher (level 6, -3/53 HPs)
             Began as a Minotaur Fighter on June 8, 2017.
             Killed from afar by an orc wizard (9 damage)
             ... with a puff of flame
             ... on level 3 of the Dungeon.
             The game lasted 00:03:55 (2432 turns).

greprep the Slasher (Minotaur Fighter)              Turns: 2432, Time: 00:03:55

Health: -3/53      AC:  6    Str: 23    XL:     6   Next: 9%
Magic:  5/5        EV:  9    Int:  5    God:
Gold:   85         SH:  9    Dex:  9    Spells: 5/5 levels left

rFire    . . .     SeeInvis .   a - +0 long sword
rCold    + . .     Gourm    .   c - +0 shield
rNeg     . . .     Faith    .   d - +0 ring mail {rC+}
rPois    .         Spirit   .   (helmet restricted)
rElec    .         Reflect  .   (no cloak)
rCorr    .         Harm     .   (no gloves)
MR       .....                  (no boots)
Stlth    ..........             l - amulet of inaccuracy (curse)
Regen    0.2/turn               (no ring)
MPRegen  0.1/turn               (no ring)

@: no status effects
A: retaliatory headbutt, horns 2
a: no special abilities


You were on level 3 of the Dungeon.
You were not hungry.

You visited 1 branch of the dungeon, and saw 3 of its levels.

You collected 85 gold pieces.

Inventory:

Hand Weapons
 a - a +0 long sword (weapon)
Armour
 c - a +0 shield (worn)
 d - a +0 ring mail of cold resistance (worn)
Jewellery
 l - a cursed amulet of inaccuracy (around neck)
Scrolls
 f - a scroll of remove curse {unknown}
 g - a scroll of identify
 m - a scroll of fear
 n - a scroll of blinking
Potions
 b - a potion of might
 e - a potion of curing {unknown}
 i - 2 potions of degeneration {unknown}
 k - a potion of heal wounds {unknown}
 o - a potion of agility {unknown}


   Skills:
 + Level 4.5 Fighting
 * Level 5.1 Long Blades
 + Level 5.0 Armour
 * Level 2.4 Dodging
 + Level 4.2 Shields


You had 5 spell levels left.
You didn't know any spells.

Dungeon Overview and Level Annotations

Branches:
Dungeon (3/15)

Altars:
Dithmenos


Innate Abilities, Weirdness & Mutations

You reflexively headbutt those who attack you in melee.
You have a pair of horns on your head.


Message History

You slash the orc!
You kill the orc!
You barely miss the orc wizard.
The orc wizard hits you with a dagger of electrocution.
Your shield prevents you from hitting the orc wizard.
You headbutt the orc wizard!
The orc wizard is severely wounded.
The orc wizard hits you but does no damage.
You barely miss the orc wizard.
The orc wizard is severely wounded.
The orc wizard hits you but does no damage.
You are electrocuted!
The orc wizard hits you but does no damage.
You are electrocuted!
* * * LOW HITPOINT WARNING * * *
You hit the orc wizard.
The orc wizard is almost dead.
The orc wizard points at you and mumbles some strange words.
The puff of flame hits you!
You die...

.....#.....# #..####'#..##
...........# ##.# #.#..#
...........# #.## #.#..#
...........# #..# #.#..#
...........# ##.# #.#..#
...........#####.# #.#...
.............g@<.###.#.##
......#.########..##.#
..............oo@....)......#
.............#o#########.##.#
.............#.# #..#.#
.............#.#
######.#.#.###
.............#.#
#............)
.......(.....#)#
#.####.#.#.###
.............#.#####.####.#.#
###
....(........#..............#
...
.....)....{K.................
...


You could see an orc wizard and 2 orcs.

Vanquished Creatures
  Sigmund (D:3)
  2 orc priests (D:3)
  An orc wizard (D:3)
  An adder (D:2)
  A worm (D:3)
  A leopard gecko (D:2)
  5 orcs (D:3)
  7 bats
  3 giant cockroaches
  7 goblins
  3 hobgoblins
  3 kobolds
  2 rats (D:2)
37 creatures vanquished.

Notes
Turn   | Place    | Note
-------+----------+-------------------------------------------
     0 | D:1      | greprep the Minotaur Fighter began the quest for the Orb.
     0 | D:1      | Reached XP level 1. HP: 19/19 MP: 0/0
   250 | D:1      | Reached XP level 2. HP: 25/27 MP: 1/1
   641 | D:2      | Found a shadowy altar of Dithmenos.
  1084 | D:2      | Reached skill level 1 in Dodging
  1087 | D:2      | Reached XP level 3. HP: 32/33 MP: 2/2
  1570 | D:3      | Reached XP level 4. HP: 18/40 MP: 3/3
  2053 | D:3      | Noticed Sigmund
  2353 | D:3      | Killed Sigmund
  2353 | D:3      | Reached skill level 5 in Long Blades
  2353 | D:3      | Reached XP level 5. HP: 28/47 MP: 4/4
  2353 | D:3      | Reached XP level 6. HP: 32/53 MP: 5/5
  2354 | D:3      | Reached skill level 5 in Armour
  2432 | D:3      | Killed from afar by an orc wizard

Skill      XL: |  1  2  3  4  5  6 |
---------------+-------------------+-----
Fighting       | 4 |  4.5
Dodging        | 1 2 |  2.4
Armour         | 4 5 |  5.0
Long Blades    | 3 5 |  5.1
Shields        | 4 |  4.2

Action                   |  1- 3 |  4- 6 || total
-------------------------+-------+-------++-------
Melee: Long sword        |    48 |    68 ||   116
       Headbutt          |     5 |     9 ||    14
  Use: Scroll            |       |     5 ||     5
       Potion            |       |     1 ||     1
  Eat: Chunk             |     1 |       ||     1
       Bread ration      |       |     1 ||     1
Armor: Scale mail        |    19 |    13 ||    32
       Ring mail         |       |    10 ||    10
Dodge: Dodged            |    15 |    27 ||    42
Block: Shield            |    16 |    23 ||    39
       Rpst.: Long sword |     7 |     6 ||    13
